Description

While defending with early queens, tech up to a 5 minute push that includes 3 lurkers, 3 ravagers and mass speedling.

Build Order

Get SALT Encoding   

  13  0:14  Overlord  
  14  0:34  Spawning Pool  
  18  1:20  Queen  
  20  1:21  Hatchery  
  19  1:23  Extractor  
  18  1:28  Overlord  
  21  1:56  Zergling, Queen  
  24  2:05  Zergling  
  28  2:25  Overlord  
  28  2:32  Queen  
  30  2:33  Lair  
  30  2:34  Extractor  
  32  2:50  Roach Warren  
  44  3:31  Adrenal Glands  
  44  3:32  Hydralisk Den, Extractor x2  
  41  3:35  Overlord  
  41  3:39  Overlord  
  41  3:43  Overlord  
  41  4:01  Lurker Den  
  40  4:29  Overlord, Hydralisk x3, Roach x3  
  52  4:49  Zergling x12, Ravager x3  
  67  4:58  Lurker x3  
Spawning Tool Build Advisor. Get it on Overwolf

Go to:

Details

  • Created by: Darthmufasa
  • Published on: Oct 15, 2021
  • Modified on: Oct 15, 2021
  • Patch: 4.11.0
  • Difficulty: Medium
Show
View Real Time Build Order
Export as new Build Order

Comments (0)

There are no comments. Be the first!

Create an account to comment!